Map: Dusk Towers

Players

FireCake

  • Race: Zerg Zerg

Polt - Winner!

  • Race: Terran Terran

Event: 2016 WCS Winter Circuit Championship

VOD

Have the link to the VOD?

Description

Time

  • Played on: March 4, 2016, 10:36 a.m.
  • Length: 9:54

All games in this series

Show
View Real Time Build Order
Export as new Build Order

FireCake Zerg 

Build Orders: Pool First, Roach Nydus 

Get SALT Encoding   

  12  0:02  Drone  
  13  0:08  Drone  
  14  0:16  Overlord  
  14  0:22  Extractor  
  14  0:23  Drone  
  15  0:35  Drone x2  
  17  0:44  Spawning Pool  
  17  0:47  Drone  
  17  0:55  Drone  
  18  1:11  Hatchery  
  17  1:12  Extractor  
  16  1:31  Queen, Zergling x6  
  21  1:42  Overlord  
  21  1:53  Drone  
  22  2:03  Drone  
  22  2:07  Queen  
  25  2:16  Drone  
  26  2:23  Queen  
  26  2:24  Drone  
  29  2:38  Drone x3  
  29  2:40  Drone  
  29  2:41  Drone x2  
  35  2:47  Lair  
  35  2:50  Drone  
  34  2:54  Drone  
  34  2:57  Overlord  
  34  3:04  Drone  
  35  3:07  Drone, Extractor  
  35  3:09  Extractor  
  34  3:13  Roach Warren  
  34  3:16  Drone  
  34  3:18  Drone  
  34  3:19  Drone  
  36  3:22  Drone  
  36  3:24  Drone  
  38  3:28  Drone  
  38  3:33  Overlord  
  39  3:36  Drone  
  39  3:37  Drone  
  41  3:45  Nydus Network  
  40  3:52  Overseer  
  40  3:53  Overlord  
  40  3:57  Roach  
  40  3:58  Roach  
  44  4:03  Roach  
  44  4:04  Roach  
  44  4:09  Roach  
  52  4:10  Roach  
  52  4:13  Roach  
  54  4:19  Roach x2  
  54  4:23  Nydus Canal  
  58  4:26  Roach  
  60  4:45  Nydus Canal  
  58  4:46  Overlord  
  58  4:47  Roach  
  58  4:48  Roach  
  56  4:56  Drone  
  56  4:57  Drone x5  
  60  5:03  Overlord x2  
  60  5:10  Spire  
  60  5:13  Extractor  
  60  5:14  Drone x2  
  59  5:19  Drone  
  59  5:20  Drone  
  62  5:31  Drone x2  
  64  5:43  Drone x2  
  64  5:45  Queen  
  64  5:46  Hatchery  
  67  5:51  Overseer  
  67  5:55  Queen  
  67  5:56  Drone  
  67  5:57  Drone  
  71  6:02  Overlord  
  71  6:03  Overlord  
  70  6:12  Overlord  
  70  6:13  Overlord  
  70  6:19  Evolution Chamber  
  70  6:21  Evolution Chamber  
  70  6:24  Queen  
  70  6:32  Mutalisk x2  
  70  6:33  Mutalisk x2  
  76  6:48  Mutalisk x2  
  76  6:52  Mutalisk  
  76  6:53  Mutalisk  
  81  7:01  Nydus Canal  
  78  7:10  Mutalisk  
  78  7:11  Mutalisk x2  
  68  7:23  Drone x5  
  71  7:32  Hatchery  
  71  7:36  Drone x2  
  72  7:48  Drone x2  
  74  7:55  Drone x3  
  78  8:05  Drone  
  78  8:06  Drone x3  
  81  8:15  Drone x2  
  84  8:27  Drone x2  
  84  8:32  Overlord  
  84  8:34  Drone  
  84  8:43  Drone x7  
  91  8:49  Overlord  
  91  8:52  Roach  
  88  9:05  Roach x4  
  91  9:13  Roach x2  
  95  9:28  Drone x3  
Show
View Real Time Build Order
Export as new Build Order

Polt Terran - Winner!

Build Orders: Command Center First (CC), Liberator Opening, MMM Bio 

Get SALT Encoding   

  12  0:00  SCV  
  13  0:12  SCV  
  14  0:16  Supply Depot  
  14  0:24  SCV  
  15  0:38  SCV  
  16  0:50  SCV  
  17  0:59  Command Center  
  17  1:02  SCV  
  18  1:11  Barracks  
  18  1:15  SCV  
  19  1:27  SCV  
  19  1:29  Barracks  
  20  1:39  SCV  
  21  1:40  Refinery  
  21  1:51  SCV  
  21  1:52  Refinery  
  22  1:59  Marine  
  23  2:03  Orbital Command  
  23  2:12  Orbital Command  
  23  2:16  Marine  
  23  2:17  Marine  
  25  2:29  SCV  
  26  2:38  SCV  
  26  2:41  SCV  
  26  2:43  Factory  
  27  2:50  SCV  
  27  2:53  Barracks Reactor  
  27  2:55  SCV  
  28  2:58  Barracks Tech Lab  
  28  3:04  SCV  
  29  3:07  SCV  
  30  3:16  SCV  
  30  3:18  Supply Depot  
  30  3:19  Stimpack, SCV  
  32  3:28  SCV, Starport  
  32  3:31  SCV  
  34  3:34  Hellion  
  34  3:35  Hellion  
  34  3:38  Barracks Reactor  
  34  3:39  Marine  
  39  3:42  SCV  
  39  3:43  SCV  
  39  3:46  Supply Depot  
  41  3:52  Liberator  
  41  3:54  SCV  
  41  3:55  SCV  
  43  3:56  Supply Depot  
  43  3:57  Marine  
  43  3:58  Hellion  
  46  4:08  Hellion, SCV x2  
  53  4:14  Marine  
  54  4:18  Marine x2  
  56  4:27  SCV x2  
  58  4:35  Marine  
  58  4:36  Marauder, Marine  
  56  4:50  Hellion x2, SCV x2  
  50  4:57  Marine x2  
  50  4:58  Marauder  
  53  5:05  SCV  
  54  5:07  SCV  
  55  5:19  SCV  
  55  5:20  SCV  
  57  5:25  Medivac x2  
  61  5:28  Supply Depot  
  61  5:31  SCV  
  62  5:37  Supply Depot  
  62  5:41  SCV  
  62  5:42  Marine  
  62  5:44  Factory Reactor  
  62  5:50  SCV, Marine x2  
  62  5:51  Command Center  
  62  5:55  SCV  
  62  5:56  Supply Depot  
  66  6:01  Combat Shields  
  66  6:02  SCV  
  65  6:11  Marauder, Barracks  
  65  6:12  Barracks, Starport Reactor  
  65  6:13  SCV, Barracks  
  65  6:14  SCV  
  65  6:16  Marine x2  
  71  6:25  Refinery x2  
  71  6:28  Engineering Bay x2  
  71  6:29  Factory Tech Lab  
  71  6:32  SCV x2  
  73  6:39  Marine x3  
  75  6:52  SCV x2  
  77  7:01  Barracks Reactor, Marine x5  
  77  7:03  Siege Tank  
  77  7:04  Orbital Command  
  84  7:08  Medivac x2  
  84  7:14  Missile Turret  
  80  7:22  Marine x6  
  77  7:23  Marine  
  77  7:26  Missile Turret  
  77  7:27  Terran Infantry Weapons Level 1  
  77  7:28  SCV x2, Terran Infantry Armor Level 1  
  80  7:30  Concussive Shells  
  80  7:39  Missile Turret  
  80  7:43  Marine x8  
  88  7:45  Marine  
  88  7:46  Orbital Command  
  89  7:52  SCV x2  
  89  7:56  Supply Depot  
  89  7:58  Supply Depot  
  90  8:05  Marine x9  
  94  8:06  Medivac  
  94  8:08  Medivac  
  99  8:15  SCV x2  
  99  8:17  Missile Turret  
  99  8:18  SCV  
  99  8:27  SCV x2  
  99  8:30  SCV  
  100  8:37  Medivac  
  100  8:38  Medivac  
  100  8:39  Marine x9  
  110  8:43  Siege Tank  
  110  8:45  SCV x2  
  110  8:47  SCV  
  116  8:52  Armory  
  116  8:54  Missile Turret  
  115  8:57  SCV  
  115  9:01  SCV x2  
  111  9:05  Armory  
  111  9:09  SCV  
  112  9:12  Missile Turret  
  112  9:13  SCV x2  
  114  9:18  Marine x3  
  114  9:19  Marine  
  114  9:23  Marine  
  125  9:50  Supply Depot  
  125  9:51  Supply Depot, Refinery, Factory  
Tags
 
Add a new tag
Caveats
  • Supply blocks, unpowered buildings, or Contaminate may cause inaccurate times.
  • Supply counts are checked every 10 seconds.